 Dungeon Crawl Stone Soup version 0.26.0-10-g1f06aea511 (webtiles) character file.

Game seed: 9655307834231169118

86642 Enchantress the Impaler (level 15, 32/122 HPs)
             Began as a Merfolk Hedge Wizard on Jan 15, 2021.
             Was a High Priest of Vehumet.
             Quit the game on level 2 of the Snake Pit.
             The game lasted 01:22:41 (45606 turns).

Enchantress the Impaler (Merfolk Hedge Wizard)     Turns: 45606, Time: 01:22:42

Health: 32/122     AC: 20    Str: 23    XL:     15   Next: 87%
Magic:  24/24      EV: 17    Int: 15    God:    Vehumet [*****.]
Gold:   48         SH:  5    Dex: 14    Spells: 8/26 levels left

rFire    + . .     SeeInvis +   a - +4 halberd (vamp)
rCold    . . .     Faith    .   (shield currently unavailable)
rNeg     . . .     Spirit   .   J - +3 ring mail {rC+}
rPois    .         Reflect  +   X - +1 helmet {SInv}
rElec    +         Harm     .   Y - scarf {shadows}
rCorr    .         Rampage  .   L - +0 pair of gloves
Will     +....     Clarity  +   e - +1 pair of boots
Stlth    +++.......             E - amulet of reflection
HPRegen  0.30/turn              S - +4 ring of protection
MPRegen  0.19/turn              s - ring "Nyidghoz" {Fire *Slow rElec Str+6 Int+2}

@: slowed, studying Summonings, very slow
A: change form in water, swift swim, stealthy swim, thin metallic scales 1,
clarity, deterioration 1
a: Renounce Religion


You were on level 2 of the Snake Pit.
You worshipped Vehumet.
Vehumet was extremely pleased with you.
You visited 4 branches of the dungeon, and saw 25 of its levels.
You also visited: Bailey and Gauntlet.

You collected 2081 gold pieces.
You spent 2033 gold pieces at shops.

Inventory:

Hand Weapons
 a - a +4 vampiric halberd (weapon)
 q - the +9 dagger "Arcanum" {drain, +Rage rF+ Str+2}
   (You found it on level 4 of the Dungeon)

   A truly terrible weapon, it drains the life of those it strikes.
   It affects your strength (+2).
   It protects you from fire.
   It lets you go berserk.
Missiles
 C - 50 poisoned darts
Armour
 e - a +1 pair of boots (worn)
 J - a +3 ring mail of cold resistance (worn)
 L - a +0 pair of gloves (worn)
 X - a +1 helmet of see invisible (worn)
 Y - a scarf of shadows (worn)
Jewellery
 s - the ring "Nyidghoz" (right hand) {Fire *Slow rElec Str+6 Int+2}
   (You found it in a Gauntlet)

   [ring of fire]

   It enhances your fire magic.
   It affects your strength (+6).
   It affects your intelligence (+2).
   It protects you from fire.
   It makes you vulnerable to cold.
   It insulates you from electricity.
   It may slow you when you take damage.
 x - an uncursed ring of resist corrosion
 E - an amulet of reflection (around neck)
 G - an uncursed ring of see invisible
 I - an uncursed ring of flight
 R - an uncursed ring of willpower
 S - a +4 ring of protection (left hand)
 W - an uncursed ring of protection from fire
Wands
 i - a wand of digging (4)
 j - a wand of disintegration (9)
 k - a wand of flame (20)
 K - a wand of polymorph (9)
 Z - a wand of iceblast (3)
Scrolls
 c - 3 scrolls of amnesia {!r}
 g - 2 scrolls of random uselessness {!r}
 n - 15 scrolls of teleportation {!r}
 r - 6 scrolls of enchant armour {!r}
 t - 3 scrolls of fog {!r}
 v - 4 scrolls of identify {!r}
 z - 3 scrolls of enchant weapon {!r}
 D - 2 scrolls of magic mapping {!r}
 H - 6 scrolls of remove curse {!r}
 M - a scroll of summoning {!r}
 Q - a scroll of brand weapon {!r}
 T - 2 scrolls of vulnerability {!r}
 U - 2 scrolls of fear {!r}
Potions
 b - a potion of invisibility {!q, unknown}
 d - a potion of berserk rage {!q}
 f - 3 potions of flight {!q}
 h - 5 potions of lignification {!q}
 l - 4 potions of curing {!q}
 m - 4 potions of might {!q}
 o - 3 potions of haste {!q}
 p - 3 potions of ambrosia {!q}
 B - 2 potions of magic {!q}
 N - a potion of cancellation {!q}
 O - 2 potions of brilliance {!q}
 P - a potion of heal wounds {!q}
Books
 A - a manual of Summonings
Miscellaneous
 u - a tin of tremorstones (inert)
 y - a phantom mirror (inert)


   Skills:
 + Level 12.5 Fighting
 - Level 2.4 Short Blades
 - Level 18.5 Polearms
 - Level 5.0 Armour
 - Level 10.1 Dodging
 - Level 6.5 Stealth
 - Level 6.0 Spellcasting
 - Level 2.2 Conjurations
 - Level 12.9 Summonings
 - Level 0.7 Translocations
 - Level 7.3 Ice Magic
 - Level 4.7 Air Magic
 - Level 10.6 Evocations


You had 8 spell levels left.
You knew the following spells:

 Your Spells              Type           Power        Failure   Level
a - Magic Dart            Conj           20%          2%          1
b - Call Imp              Summ           21%          1%          2
c - Freeze                Ice            52%          1%          1
d - Mephitic Cloud        Conj/Pois/Air  5%           7%          3
e - Summon Lightning Spi  Summ/Air       15%          6%          4
f - Summon Ice Beast      Ice/Summ       17%          3%          4
g - Call Canine Familiar  Summ           21%          1%          3

Your spell library contained the following spells:

 Spells                   Type           Power        Failure   Level
 Spellforged Servitor     Conj/Summ      6%           87%         7
 Summon Small Mammal      Summ           84%          1%          1
 Summon Guardian Golem    Hex/Summ       11%          4%          3
 Sandblast                Erth           4%           6%          1
 Conjure Flame            Conj/Fire      7%           11%         3
 Stone Arrow              Conj/Erth      6%           11%         3
 Corpse Rot               Necr/Air       N/A          13%         2
 Poisonous Vapours        Pois/Air       10%          13%         2
 Apportation              Tloc           6%           17%         1
 Ignite Poison            Fire/Tmut/Pois 4%           17%         3
 Inner Flame              Hex/Fire       4%           17%         3
 Animate Skeleton         Necr           4%           22%         1
 Beastly Appendage        Tmut           4%           22%         1
 Corona                   Hex            2%           22%         1
 Pain                     Necr           8%           22%         1
 Sting                    Tmut/Pois      8%           22%         1
 Blink                    Tloc           N/A          26%         2
 Passwall                 Tmut/Erth      1%           32%         2
 Slow                     Hex            2%           32%         2
 Sublimation of Blood     Necr           1%           32%         2
 Wereblood                Tmut           2%           32%         2
 Ice Form                 Ice/Tmut       7%           43%         4
 Gell's Gravitas          Tloc           1%           45%         3
 Lesser Beckoning         Tloc           1%           45%         3
 Portal Projectile        Hex/Tloc       4%           50%         3
 Confusing Touch          Hex            2%           54%         3
 Spider Form              Tmut/Pois      1%           54%         3
 Tukima's Dance           Hex            2%           54%         3
 Vampiric Draining        Necr           1%           54%         3
 Fireball                 Conj/Fire      3%           65%         5
 Bolt of Magma            Conj/Fire/Erth 3%           71%         5
 Lee's Rapid Deconstruct  Erth           1%           80%         5
 Metabolic Englaciation   Hex/Ice        3%           80%         5
 Yara's Violent Unravell  Hex/Tmut       1%           80%         5
 Animate Dead             Necr           1%           91%         4
 Cause Fear               Hex            1%           91%         4
 Dispel Undead            Necr           2%           91%         4
 Leda's Liquefaction      Hex/Erth       1%           91%         4
 Petrify                  Tmut/Erth      2%           91%         4
 Silence                  Hex/Air        2%           93%         5
 Agony                    Necr           2%           99%         5
 Alistair's Intoxication  Tmut/Pois      1%           99%         5
 Blade Hands              Tmut           1%           99%         5
 Excruciating Wounds      Necr           1%           99%         5
 Invisibility             Hex            2%           100%        6
 Discord                  Hex            1%           100%        8
 Ignition                 Fire           2%           100%        8


Dungeon Overview and Level Annotations

Branches:
Dungeon (15/15)            Temple (0/1) D:5            Lair (6/6) D:8
 Shoals (0/4) Lair:3        Snake (2/4) Lair:2        Slime (0/5) Lair:5
    Orc (2/2) D:12            Elf (0/3) Orc:2        Vaults (0/5) D:13
 Depths (0/5) D:15         Bailey (visited)         Gauntlet (visited)

Altars:
Elyvilon
Hepliaklqana
Kikubaaqudgha
Makhleb
Nemelex Xobeh
Okawaru
Qazlal
Ru
Sif Muna
Trog
Uskayaw
Vehumet
Wu Jian
Xom
Beogh

Shops:
D:7 (   D:8 *   D:9 !   D:10 =   D:11 ![*?   D:15 =   Orc:2 [(*   Snake:1 ?

Portals:
Trove: D:11 (give 7 scrolls of blinking)

Annotations:
D:14 Kirke; Roxanne
Lair:4 exclusion: boulder beetle
Lair:5 exclusions: downstairs and oklob plant
Snake:1 1 exclusion, Aizul
Orc:2 1 runed translucent door, Dracia's ghost, journeyman GnWr


Innate Abilities, Weirdness & Mutations

You revert to your normal form in water.
You are very nimble and swift while swimming.
You are very stealthy in the water. (Stealth+)
You are partially covered in thin metallic scales. (AC +2)
You possess an exceptional clarity of mind.
Your body sometimes deteriorates upon taking damage.


Message History

The black mamba poisons you! The black mamba bites you.
You slice the black mamba!!
You kill the black mamba!
Vehumet accepts your kill.
You feel very sick.
You are more poisoned.
The naga ritualist's toxic aura wanes.
The black mamba bites you but does no damage.
The black mamba misses you. The black mamba bites you!
* * * LOW HITPOINT WARNING * * *
You feel your strength returning.
Really quaff
l - 5 potions of curing {!q}?
You feel better. The black mamba misses you.
The black mamba bites you but does no damage.
The black mamba barely misses you. The black mamba bites you.
You block the black mamba's attack.
The naga warrior hits you with a +0 dire flail.
* * * LOW HITPOINT WARNING * * *
The naga warrior completely misses you.
Are you sure you want to abandon this character and quit the game? (Confirm with "yes".) #.. ####.## N≈ ≈P≈. .....## ≈P .≈N♣ ####..... . .
PP..

......†.#
..##.#...
.......S#
.../#...
......NN#
#.....
......S@#
##<..
#########
##N...
##S#...
##N##...
#.......
#.#######
#.# ##


You could see a naga warrior, a naga ritualist and 2 black mambas.

Vanquished Creatures
  Donald (Orc:2)
  An orc warlord (D:12)
  Nessos (D:13)
  2 naga warriors (Snake:1)
  A hydra (Lair:3)
  3 boulder beetles
  4 anacondas
  A merfolk avatar (Lair:6)
  5 centaur warriors
  6 two-headed ogres
  A tengu warrior (D:13)
  An orc high priest (Orc:2)
  A death yak (Lair:5)
  Nergalle (D:12)
  2 unseen horrors
  Pikel (D:6)
  4 orc knights
  A wolf spider zombie (D:14)
  A mana viper (Snake:1)
  2 manticores (D:14)
  10 ugly things
  5 cyclopes
  A guardian serpent (Snake:1)
  4 centaur zombies (D:14)
  12 black mambas
  2 naga magi
  6 elephants
  A gargoyle (D:12)
  18 cane toads
  A torpor snail (Lair:5)
  A freezing wraith (D:13)
  2 kobold demonologists (D:15)
  7 komodo dragons
  8 rime drakes
  3 trolls
  2 polar bears (Lair:6)
  4 hornets (Lair:6)
  4 nameless horrors
  14 slime creatures
  A dream sheep (shapeshifter) (D:15)
  12 dream sheep (Lair:4)
  11 blink frogs
  A tarantella (shapeshifter) (D:15)
  A shadow (D:12)
  A wraith (D:14)
  A human (shapeshifter) (D:15)
  A yak (shapeshifter) (D:15)
  2 hogs (D:14)
  17 yaks
  2 basilisks
  2 fire bats (shapeshifter) (Gauntlet)
  4 wyverns
  5 wargs
  2 vampire mosquitoes (D:14)
  A steam dragon (D:8)
  2 acid dragons
  15 water moccasins
  10 nagas (Snake:1)
  3 ice beasts
  33 orc warriors
  8 sky beasts
  A swamp drake (Orc:2)
  4 phantoms
  2 eyes of draining
  A black bear (D:8)
  2 wolves
  5 boggarts (D:15)
  10 ogres
  4 centaurs
  A tengu (shapeshifter) (D:15)
  4 big kobolds
  10 bullfrogs
  A gnoll sergeant (Orc:2)
  A wyvern skeleton (D:13)
  6 scorpions
  A water moccasin skeleton (D:8)
  6 killer bees
  5 howler monkeys
  4 wights
  5 electric eels
  18 orc wizards
  7 jellies
  3 centaur skeletons
  23 orc priests
  4 hounds
  3 bullfrog skeletons
  3 iguanas
  3 hell rats
  7 worker ants
  A killer bee zombie (D:9)
  2 hound skeletons
  A howler monkey zombie (D:5)
  4 gnolls (Orc:2)
  15 adders
  A howler monkey skeleton (D:6)
  6 river rats (Lair:3)
  2 ufetubi (D:6)
  An ooze (shapeshifter) (D:13)
  3 oozes
  4 adder zombies
  An adder skeleton (D:6)
  2 worms
  2 dart slugs
  4 leopard geckos
  88 orcs
  6 ball pythons
  6 bats
  3 giant cockroaches
  7 goblins
  7 hobgoblins
  A jackal (D:2)
  6 quokkas
  3 frilled lizards
  A jackal zombie (D:8)
  31 kobolds
  7 rats
639 creatures vanquished.

Vanquished Creatures (collateral kills)
  3 hydras
  A boulder beetle (D:11)
  A catoblepas (Lair:2)
  A two-headed ogre (D:13)
  A death yak (Lair:5)
  An ogre mage (D:13)
  A naga ritualist (Snake:1)
  An ugly thing (D:15)
  2 manticores (Lair:6)
  A cyclops (D:13)
  A salamander (Snake:1)
  4 black mambas
  A naga mage (Lair:2)
  A torpor snail (Lair:4)
  A guardian serpent (Lair:2)
  2 centaur skeletons (D:10)
  A gargoyle (D:13)
  9 cane toads
  3 komodo dragons
  A queen bee (Lair:1)
  A demonic crawler (Lair:4)
  A polar bear (Lair:6)
  A troll (D:12)
  A wind drake (Lair:6)
  A hornet (D:11)
  9 blink frogs
  A snapping turtle (Lair:3)
  3 wyverns
  A water elemental (D:11)
  7 yaks
  2 basilisks
  A steam dragon (Lair:4)
  A warg (D:15)
  2 swamp worms (Lair:4)
  A naga (Snake:1)
  7 water moccasins
  An ice beast (D:9)
  3 orc warriors
  An eye of draining (D:11)
  A phantom (D:10)
  An ogre (D:4)
  A centaur (D:11)
  6 wolves
  3 bullfrogs
  A water moccasin skeleton (D:10)
  2 killer bees
  2 howler monkeys (D:12)
  A bullfrog zombie (D:9)
  A quasit (D:13)
  A jelly (D:13)
  An iron imp (Lair:3)
  An orc wizard (D:10)
  2 hell rats (Lair:3)
  A worker ant zombie (D:10)
  6 adders
  A nameless horror (Lair:3)
  A white imp (D:5)
  An ooze (Lair:5)
  A worm (D:4)
  An adder skeleton (D:9)
  A dart slug (D:1)
  2 leopard geckos
  24 orcs
  A ball python (D:1)
  3 giant cockroaches
  A goblin (D:3)
  3 jackals
  3 kobolds (D:10)
  A quokka (D:6)
  2 bats
159 creatures vanquished.

Vanquished Creatures (others)
  8 bushes (Lair:3)
  14 demonic plants (Gauntlet)
  61 fungi
  88 plants
171 creatures vanquished.

Grand Total: 969 creatures vanquished

Notes
Turn   | Place    | Note
-------+----------+-------------------------------------------
     0 | D:1      | Enchantress the Merfolk Hedge Wizard began the quest for
                  | the Orb.
     0 | D:1      | Reached XP level 1. HP: 13/13 MP: 4/4
   189 | D:1      | Reached skill level 1 in Polearms
   260 | D:1      | Reached XP level 2. HP: 16/19 MP: 6/6
   314 | D:1      | Reached skill level 2 in Polearms
   317 | D:1      | Learned a level 2 spell: Call Imp
   863 | D:1      | Reached skill level 3 in Polearms
  1534 | D:2      | Reached XP level 3. HP: 20/24 MP: 4/7
  1938 | D:2      | Reached skill level 4 in Polearms
  2689 | D:2      | Reached XP level 4. HP: 26/30 MP: 3/8
  2856 | D:2      | Reached skill level 5 in Polearms
  3442 | D:3      | Found a shimmering altar of Xom.
  3564 | D:3      | Found a hide-covered altar of Uskayaw.
  3665 | D:3      | Reached skill level 6 in Polearms
  3825 | D:3      | Reached XP level 5. HP: 35/35 MP: 6/9
  4035 | D:4      | Found a sacrificial altar of Ru.
  4036 | D:4      | Noticed an ogre
  4047 | D:4      | Killed an ogre
  4048 | D:4      | Reached skill level 7 in Polearms
  4181 | D:4      | Got a crude dagger
  4283 | D:4      | Found a shimmering blue altar of Sif Muna.
  4284 | D:4      | Found an ancient bone altar of Kikubaaqudgha.
  4366 | D:4      | Found a sand-covered staircase.
  4387 | D:4      | Noticed a phantom
  4458 | D:4      | Killed a phantom
  4459 | D:4      | Reached skill level 8 in Polearms
  4459 | D:4      | Reached XP level 6. HP: 29/41 MP: 3/10
  4689 | D:4      | Found a glowing drain.
  4828 | D:4      | Found a radiant altar of Vehumet.
  4905 | D:4      | Became a worshipper of Vehumet
  5165 | D:4      | Found a white marble altar of Elyvilon.
  5464 | D:5      | Entered Level 5 of the Dungeon
  5473 | D:4      | Reached skill level 9 in Polearms
  5729 | D:5      | Identified the +9 dagger "Arcanum" {drain, +Rage rF+ Str+2}
                  | (You found it on level 4 of the Dungeon)
  5853 | D:5      | Reached XP level 7. HP: 46/46 MP: 11/11
  6439 | D:5      | Found a sparkling altar of Nemelex Xobeh.
  7337 | D:5      | Found a staircase to the Ecumenical Temple.
  7546 | D:5      | Reached XP level 8. HP: 52/52 MP: 9/12
  8043 | D:6      | Noticed Pikel
  8045 | D:6      | Killed Pikel
  8046 | D:6      | Reached skill level 5 in Summonings
  8113 | D:6      | Reached skill level 10 in Polearms
  8433 | D:6      | Reached skill level 11 in Polearms
  8436 | D:6      | Reached XP level 9. HP: 38/58 MP: 13/13
  8547 | D:6      | Reached * piety under Vehumet
  8547 | D:6      | Offered knowledge of Freeze by Vehumet.
  8550 | D:6      | Learned a level 1 spell: Freeze
  8591 | D:6      | Found a hazy altar of Hepliaklqana.
  8992 | D:6      | Reached skill level 1 in Fighting
  8992 | D:6      | Reached skill level 12 in Polearms
  9207 | D:7      | Found a flagged portal.
  9234 | Bailey   | Entered a bailey
  9339 | Bailey   | Got a scorched tower shield
  9345 | Bailey   | Identified the cursed -2 tower shield "Zimu Doo" {*Drain
                  | Int+5} (You found it in a bailey)
  9345 | Bailey   | lol
 10470 | Bailey   | Reached skill level 13 in Polearms
 10593 | Bailey   | Found a bloodstained altar of Trog.
 10974 | D:7      | Found Lietho's Weapon Shop.
 12688 | D:8      | Found a staircase to the Lair.
 12689 | D:8      | Noticed an elephant
 12727 | D:8      | Killed an elephant
 12728 | D:8      | Reached skill level 10 in Summonings
 12728 | D:8      | Reached XP level 10. HP: 67/67 MP: 14/14
 12839 | D:8      | Learned a level 3 spell: Mephitic Cloud
 12908 | D:8      | Got a steaming hunting sling
 12935 | D:8      | Found a burning altar of Makhleb.
 12997 | D:8      | Identified the +3 hunting sling of Death {flame, *Corrode
                  | rElec rF+++ Int+4} (You found it on level 8 of the Dungeon)
 13094 | D:8      | Reached ** piety under Vehumet
 13099 | D:8      | Offered knowledge of Shock by Vehumet.
 13157 | D:8      | Found a hide-covered altar of Uskayaw.
 13161 | D:8      | Found Qycal's Lightly-Used Armoury.
 13442 | D:8      | YES YES
 13447 | D:8      | Learned a level 4 spell: Summon Lightning Spire
 13590 | D:9      | Found Qifots's Distillery.
 13618 | D:8      | Reached skill level 1 in Air Magic
 13851 | D:9      | Bought a potion of curing for 39 gold pieces
 13851 | D:9      | Bought a potion of might for 52 gold pieces
 13910 | D:9      | Learned a level 3 spell: Call Canine Familiar
 14333 | D:9      | Offered knowledge of Ignite Poison by Vehumet.
 14334 | D:9      | Reached skill level 5 in Spellcasting
 14468 | D:9      | Noticed a two-headed ogre
 14521 | D:9      | Killed a two-headed ogre
 14959 | D:9      | Found a bloodstained altar of Trog.
 14960 | D:9      | Found an iron altar of Okawaru.
 15432 | D:10     | Entered Level 10 of the Dungeon
 15567 | D:10     | Reached *** piety under Vehumet
 15614 | D:10     | Found a white marble altar of Elyvilon.
 16517 | D:10     | Found Erawykk's Jewellery Boutique.
 16644 | D:11     | Found a portal to a secret trove of treasure.
 16651 | D:11     | Found Ratos's Magic Scroll Boutique.
 16658 | D:11     | Found Siky's General Store.
 16676 | D:11     | Bought a scroll of teleportation for 39 gold pieces
 16690 | D:11     | Found a stormy altar of Qazlal.
 16726 | D:11     | Noticed a boulder beetle
 16749 | D:10     | Reached XP level 11. HP: 69/72 MP: 16/20
 16796 | D:11     | Found Nusuph's Antique Armour Emporium.
 16801 | D:11     | Bought an embroidered cloak for 165 gold pieces
 16974 | D:11     | Paralysed by a hornet for 1 turns
 16977 | D:11     | Offered knowledge of Fulminant Prism by Vehumet.
 17261 | D:11     | Found Zeatimp's Distillery.
 17269 | D:11     | Bought a potion of curing for 45 gold pieces
 17269 | D:11     | Bought a potion of heal wounds for 75 gold pieces
 17496 | D:11     | Killed a boulder beetle
 17817 | D:11     | Bought a scroll of brand weapon for 280 gold pieces
 17867 | D:11     | Learned a level 4 spell: Summon Ice Beast
 18111 | D:11     | Reached skill level 1 in Ice Magic
 18354 | D:12     | Reached **** piety under Vehumet
 18813 | D:12     | Offered knowledge of Irradiate by Vehumet.
 19399 | D:12     | Noticed Nergalle
 19406 | D:12     | Noticed a spectral orc warlord
 19420 | D:12     | Killed Nergalle
 19421 | D:12     | Reached skill level 5 in Ice Magic
 19595 | D:12     | Found a staircase to the Orcish Mines.
 19729 | D:13     | Noticed Nessos
 19732 | D:13     | Noticed a two-headed ogre
 19760 | D:13     | Killed a two-headed ogre
 20013 | Lair:1   | Entered Level 1 of the Lair of Beasts
 21140 | Lair:1   | Reached skill level 5 in Dodging
 21912 | Lair:1   | Reached skill level 5 in Fighting
 21912 | Lair:1   | Reached XP level 12. HP: 54/86 MP: 17/21
 22088 | Lair:2   | Found a staircase to the Snake Pit.
 22390 | Lair:2   | You fall into a shaft and drop 1 floor!
 22391 | Lair:3   | Noticed a six-headed hydra
 22396 | Lair:3   | Gained mutation: You possess an exceptional clarity of
                  | mind. [potion of mutation]
 22396 | Lair:3   | Gained mutation: You have a pair of small antennae on your
                  | head. [potion of mutation]
 22396 | Lair:3   | Gained mutation: Your spells are a little harder to cast,
                  | but a little more powerful. [potion of mutation]
 22455 | Lair:3   | Noticed an eight-headed hydra
 22498 | Lair:3   | Killed an eight-headed hydra
 22636 | Lair:3   | Killed a six-headed hydra
 22663 | Lair:3   | Found a gate leading to a gauntlet.
 22671 | Gauntlet | Entered a Gauntlet
 22671 | Gauntlet | Found a transporter.
 22671 | Gauntlet | Found a transporter.
 22728 | Gauntlet | Found a transporter.
 22728 | Gauntlet | Found a transporter.
 22739 | Gauntlet | Found a transporter.
 22746 | Gauntlet | Found a transporter.
 22752 | Gauntlet | Found a large runed translucent door.
 22753 | Gauntlet | Found a large runed translucent door.
 22753 | Gauntlet | Noticed a shock serpent
 22754 | Gauntlet | Found a large runed translucent door.
 22754 | Gauntlet | Found a large runed translucent door.
 22754 | Gauntlet | a shock serpent changed into a slime creature
 22755 | Gauntlet | Found a large runed translucent door.
 22755 | Gauntlet | Found a large runed translucent door.
 22755 | Gauntlet | Found a runed translucent gate.
 22755 | Gauntlet | Found a runed translucent door.
 22756 | Gauntlet | Found a transporter.
 22756 | Gauntlet | Found a runed translucent gate.
 22757 | Gauntlet | Found a runed translucent gate.
 22758 | Gauntlet | Found a large runed translucent door.
 22758 | Gauntlet | Found a large runed translucent door.
 22759 | Gauntlet | Found a transporter.
 22759 | Gauntlet | Found a large runed translucent door.
 22760 | Gauntlet | Found a large runed translucent door.
 22760 | Gauntlet | Noticed a ghost moth
 22760 | Gauntlet | a glowing orange brain changed into a ghost moth
 22763 | Gauntlet | Noticed an ettin
 22763 | Gauntlet | a ghost moth changed into an ettin
 22763 | Gauntlet | Noticed an entropy weaver
 22769 | Gauntlet | Found a large runed translucent door.
 22769 | Gauntlet | Found a large runed translucent door.
 22769 | Gauntlet | Found a runed translucent door.
 22774 | Gauntlet | Noticed a five-headed hydra
 22774 | Gauntlet | an ettin changed into a five-headed hydra
 22775 | Gauntlet | Noticed an ettin
 22775 | Gauntlet | a five-headed hydra changed into an ettin
 22778 | Gauntlet | Found a transporter.
 22778 | Gauntlet | an ettin changed into a slime creature
 22787 | Gauntlet | Found a transporter.
 22798 | Gauntlet | Found a large runed translucent door.
 22799 | Gauntlet | Found a large runed translucent door.
 22801 | Gauntlet | Found a transporter.
 22819 | Gauntlet | Found a transporter.
 22864 | Gauntlet | Found a transporter.
 22885 | Gauntlet | Found a transporter.
 22992 | Gauntlet | Found a transporter.
 23005 | Gauntlet | Found a transporter.
 23036 | Gauntlet | Found a large runed translucent door.
 23036 | Gauntlet | Found a large runed translucent door.
 23125 | Gauntlet | Got a flickering steel ring
 23155 | Gauntlet | Noticed a two-headed ogre
 23155 | Gauntlet | a snapping turtle changed into a two-headed ogre
 23165 | Gauntlet | Identified the ring "Nyidghoz" {Fire *Slow rElec Str+6
                  | Int+2} (You found it in a Gauntlet)
 23174 | Gauntlet | a two-headed ogre changed into a tarantella
 23301 | Gauntlet | Noticed a minotaur
 23330 | Gauntlet | HP: 4/89 [minotaur/silver javelin (4)]
 23346 | Gauntlet | Identified Yrchoytou's Almanac of Contamination and Fire
 23789 | Lair:3   | Reached skill level 1 in Evocations
 26539 | Lair:3   | Reached skill level 5 in Evocations
 26891 | Lair:3   | Found a staircase to the Shoals.
 27084 | Lair:3   | Noticed a catoblepas
 27292 | Lair:2   | Killed a catoblepas
 27710 | Lair:4   | Noticed a boulder beetle
 28840 | Lair:4   | Noticed a six-headed hydra
 28844 | Lair:4   | Reached XP level 13. HP: 88/95 MP: 22/22
 28940 | Lair:4   | Reached ***** piety under Vehumet
 29249 | Lair:4   | Offered knowledge of Freezing Cloud by Vehumet.
 29446 | Lair:5   | Found an ornate altar of the Wu Jian Council.
 29446 | Lair:5   | Found a hide-covered altar of Uskayaw.
 29887 | D:13     | Reached skill level 10 in Evocations
 30378 | D:13     | Killed Nessos
 30978 | D:13     | Reached skill level 1 in Conjurations
 31330 | D:13     | Found a gate to the Vaults.
 33118 | Lair:5   | Got a dazzling cloak
 33129 | Lair:5   | Identified the +2 cloak of the Hanged Man {rElec Str+4
                  | Int-2} (You found it on level 5 of the Lair of Beasts)
 33541 | Lair:5   | Found a staircase to the Slime Pits.
 33553 | Lair:5   | Lost mutation: Your spells are a little harder to cast, but
                  | a little more powerful. [potion of mutation]
 33553 | Lair:5   | Lost mutation: You have a pair of small antennae on your
                  | head. [potion of mutation]
 33553 | Lair:5   | Lost mutation: You possess an exceptional clarity of mind.
                  | [potion of mutation]
 33553 | Lair:5   | Gained mutation: Your body sometimes deteriorates upon
                  | taking damage. [potion of mutation]
 33553 | Lair:5   | Gained mutation: You are partially covered in thin metallic
                  | scales. (AC +2) [potion of mutation]
 33553 | Lair:5   | Gained mutation: You possess an exceptional clarity of
                  | mind. [potion of mutation]
 33682 | Lair:6   | Entered Level 6 of the Lair of Beasts
 34098 | Lair:6   | Reached skill level 14 in Polearms
 34203 | Lair:6   | Reached XP level 14. HP: 81/105 MP: 20/23
 34268 | Lair:6   | Offered knowledge of Airstrike by Vehumet.
 34477 | Lair:6   | Reached skill level 10 in Dodging
 35034 | Lair:6   | Reached skill level 1 in Armour
 35304 | Lair:6   | Noticed a dire elephant
 35649 | Lair:6   | Reached skill level 15 in Polearms
 36831 | Orc:1    | Entered Level 1 of the Orcish Mines
 36849 | Orc:2    | Entered Level 2 of the Orcish Mines
 36995 | Orc:2    | Noticed an orc warlord
 37057 | D:12     | Killed an orc warlord
 37873 | Orc:2    | Reached skill level 16 in Polearms
 37940 | Orc:2    | Found a staircase to the Elven Halls.
 37978 | Orc:2    | Found a roughly hewn altar of Beogh.
 38084 | Orc:2    | Found a radiant altar of Vehumet.
 38107 | Orc:2    | Noticed Donald
 38118 | Orc:2    | Killed Donald
 38330 | Orc:2    | Found a roughly hewn altar of Beogh.
 38377 | Orc:2    | Found a roughly hewn altar of Beogh.
 38378 | Orc:2    | Found Quesm's Assorted Antiques.
 38505 | Orc:2    | Found a runed translucent door.
 38505 | Orc:2    | Noticed Dracia's ghost (journeyman GnWr)
 38988 | Orc:2    | Found a roughly hewn altar of Beogh.
 38988 | Orc:2    | Found Utudaf's Distillery.
 39156 | Orc:2    | Found Okouv's Antique Armour Shop.
 39156 | Orc:2    | Found a roughly hewn altar of Beogh.
 39157 | Orc:2    | Found Qaacreps's Antique Weapon Boutique.
 39401 | D:13     | Reached skill level 17 in Polearms
 40001 | D:14     | Reached XP level 15. HP: 93/112 MP: 24/24
 40002 | D:14     | Noticed Roxanne
 40401 | D:14     | Noticed Kirke
 40787 | D:14     | Reached skill level 18 in Polearms
 41412 | D:14     | Reached skill level 5 in Armour
 41621 | D:15     | Entered Level 15 of the Dungeon
 41707 | D:15     | Found Unodoid's Jewellery Boutique.
 42404 | D:15     | Found a staircase to the Depths.
 42426 | D:15     | Reached skill level 10 in Fighting
 42623 | D:15     | Reached ****** piety under Vehumet
 42645 | D:15     | Offered knowledge of Spellforged Servitor by Vehumet.
 43118 | Snake:1  | Entered Level 1 of the Snake Pit
 43685 | D:10     | Bought the ring of Peace {rPois Str+3 Int+6 Dex+6 Slay-3}
                  | for 1140 gold pieces
 44991 | Snake:1  | Found Zinom's Magic Scroll Boutique.
 44998 | Snake:1  | Bought a scroll of teleportation for 36 gold pieces
 44998 | Snake:1  | Bought a scroll of teleportation for 36 gold pieces
 44998 | Snake:1  | Bought a scroll of teleportation for 36 gold pieces
 44998 | Snake:1  | Bought a scroll of blinking for 90 gold pieces
 45059 | Snake:1  | Noticed Aizul
 45580 | Snake:2  | Noticed a nagaraja
 45606 | Snake:2  | Quit the game

Illustrated notes ###≈≈.......≈≈###.# '.K≈≈.......≈≈'.'.# ###≈≈.......≈≈###.# '.'≈≈.....).≈≈'.'^# ###≈≈.......≈≈##### ##≈.......≈## ####'''#### ##.....## #∩@...$∩# #...8...# ##.....## ###+### Turn 9345 on Bailey: lol

#... #...#.. #..#
#...#..
#..#######.>.#..
###............#..
#..............#..
#..............'..
###
##.##'####...###..
#...##.#.....#####
### #....@.#.....#
## #......#.....#
##. #.[....#.....#
#8. #......#.....#
#.[ #......#.....#
#8. ########.....#
##. ##


Turn 13442 on D:8: YES YES

Levels and vault maps discovered:
D:1:      minmay_arrival_stone_box, layout_basic, minmay_misc_feat_tiny
D:2:      layout_basic
D:3:      layout_rooms, old_standard_altar, general_overflow_altar
D:4:      layout_cave_pods, lemuel_coloured_pillars_altar,
          nicolae_ru_awakened_eye, marbit_many_paths, minitemple,
          portal_sewer_entry_e, enter_ossuary_1, serial_column_ruins,
          column_ruins_grid_3, column_ruins_columns_straight,
          column_ruins_corridor_straight, column_ruins_open_medium_water
D:5:      layout_loops_ring, nemelex_xobeh_ov_fountains_minmay,
          minmay_temple_entry_junction_2
D:6:      layout_loops_ring, nzn_hepliaklqana_mist_gate, uniq_pikel
D:7:      layout_basic, enter_bailey_3, serial_shops, nicolae_shop_statue_plus
D:8:      layout_gridville, lemuel_doored_altar, david_lair_generic,
          basic_altar, small_chamber_with_monster, minmay_shop_damaged,
          kennysheep_generic_room_10
D:9:      layout_loops_ring, grunt_temple_overflow_bloody_war, serial_shops,
          shop
D:10:     layout_basic, serial_shops, kennysheep_little_box, eino_curves_04,
          elyvilon_altar_5
D:11:     layout_small_grid, serial_shops, nicolae_shop_trees,
          nicolae_shop_competitors_out_of_business, nicolae_shop_waterfront,
          shop, nicolae_trove_entry_isolated, serial_bayou,
          serial_bayou_crossing, serial_bayou_pond_e, serial_bayou_pond_a,
          serial_bayou_pond_a, grunt_qazlal_sundering
D:12:     layout_roguey, hiddenorc1_lemuel, uniq_nergalle
D:13:     layout_loops_corners, david_vaults_2, drop_trap, uniq_nessos
D:14:     layout_loops_ring, chequers_serial_rivers_micro_b,
          statue_in_the_mist_lemuel, uniq_roxanne, uniq_kirke
D:15:     gammafunk_enter_depths_forms, layout_long_grid, serial_shops,
          nicolae_shop_temple_entry_statues_fountains, nicolae_twisting_strands,
          amcnicky_mini_pool_small, eino_curves_02, solitary_fountain
Lair:1:   layout_concentric_octagons
Lair:2:   layout_hall_layers, minmay_snake_entry_six_corridors
Lair:3:   layout_concentric_octagons, minmay_shoals_entry_hut,
          gauntlet_entry_generic, st_stairs_9, minmay_hedge_maze,
          kennysheep_abandoned_house
Lair:4:   layout_loops_ring, st_stairs_10, worms_lemuel, grunt_megastairs_2
Lair:5:   layout_misc_corridors, nicolae_slime_entry_slimehenge,
          nzn_masters_of_martial_movement, serial_bayou_shore_a
Lair:6:   gammafunk_lair_ancient_temple, layout_cave_pods
Snake:1:  layout_rooms, serial_shops, shop_fountains, uniq_aizul
Snake:2:  layout_rooms, serial_bayou, serial_bayou_pond_b, serial_bayou_pond_b,
          serial_bayou_pond_a, serial_bayou_pond_a, grunt_ministairs_6
Orc:1:    layout_caves, uniq_harold
Orc:2:    grunt_orc_community_town_hall, layout_caves,
          grunt_orc_community_big_house_1, grunt_orc_community_big_house_1,
          grunt_orc_community_house_3, grunt_orc_community_house_2,
          grunt_orc_community_house_3, grunt_orc_community_house_1,
          grunt_orc_community_house_1, grunt_orc_community_house_2, basic_altar,
          ebering_ghost_inner_flame, uniq_donald

Skill      XL: |  1  2  3  4  5  6  7  8  9 10 11 12 13 14 15 |
---------------+----------------------------------------------+-----
Polearms       | 1 3 4 6 8 9 11 13 14 17 18 | 18.5
Short Blades   | 2 |  2.4
Summonings     | 3 5 10 11 12 | 12.9
Stealth        | 4 6 |  6.5
Fighting       | 2 5 6 8 12 | 12.5
Spellcasting   | 6 |  6.0
Air Magic      | 4 |  4.7
Ice Magic      | 6 7 |  7.3
Dodging        | 5 8 9 10 | 10.1
Evocations     | 8 10 | 10.6
Conjurations   | 2 |  2.2
Armour         | 4 5 |  5.0
Translocations | |  0.7

Action                   |  1- 3 |  4- 6 |  7- 9 | 10-12 | 13-15 || total
-------------------------+-------+-------+-------+-------+-------++-------
Melee: Spear             |   138 |   191 |    75 |       |       ||   404
       Dagger            |     4 |     6 |   244 |   469 |   203 ||   926
       Tailslap          |       |     1 |     4 |       |     1 ||     6
       Trident           |       |       |     2 |   443 |       ||   445
       Halberd           |       |       |       |       |  1257 ||  1257
       Unarmed           |       |       |       |       |     1 ||     1
Throw: Dart              |       |       |    12 |     7 |       ||    19
 Cast: Magic Dart        |    15 |       |     2 |       |     3 ||    20
       Call Imp          |    20 |    31 |    13 |    11 |       ||    75
       Call Canine Famil |       |       |       |    14 |     2 ||    16
       Summon Lightning  |       |       |       |    71 |    62 ||   133
       Summon Ice Beast  |       |       |       |    41 |    61 ||   102
       Mephitic Cloud    |       |       |       |       |    62 ||    62
Evoke: Wand              |       |     2 |    14 |    25 |    40 ||    81
       Tin of tremorston |       |       |       |     1 |     9 ||    10
       Phantom mirror    |       |       |       |     1 |     5 ||     6
  Use: Scroll            |     4 |     5 |     8 |    12 |    12 ||    41
       Potion            |       |       |     3 |    11 |    12 ||    26
 Stab: Sleeping          |     3 |     9 |     2 |    19 |     7 ||    40
       Distracted        |       |     2 |     1 |    12 |    18 ||    33
       Confused          |       |       |       |       |    43 ||    43
       Paralysed         |       |       |       |       |     8 ||     8
Armor: Robe              |    31 |    23 |     2 |       |       ||    56
       Skin              |       |       |    42 |     3 |       ||    45
       Ring mail         |       |       |    62 |   269 |   394 ||   725
Dodge: Dodged            |    86 |    85 |   161 |   456 |   770 ||  1558
Block: Other             |       |       |       |   159 |   239 ||   398
       Reflection        |       |       |       |     3 |    18 ||    21
